 Dungeon Crawl Stone Soup version 0.29.0-4-gdea44cf6ec (webtiles) character file.

Game seed: 16326528536989478971

7 qw the Chopper (level 2, -1/17 HPs)
             Began as a Tengu Warper on Aug 28, 2022.
             Killed from afar by a dart slug (3 damage)
             ... with a slug dart
             ... on level 2 of the Dungeon.
             The game lasted 00:00:02 (592 turns).

qw the Chopper (Tengu Warper)                        Turns: 592, Time: 00:00:03

Health: -1/17      AC:  3    Str: 11    XL:     2   Next: 4%
Magic:  6/6        EV: 11    Int: 13    God:
Gold:   69         SH:  3    Dex: 13    Spells: 5/5 levels left

rFire   . . .      SeeInvis .   Y - +1 hand axe
rCold   . . .      Faith    .   f - +0 buckler
rNeg    . . .      Spirit   .   b - +0 leather armour
rPois   .          Reflect  .   (helmet restricted)
rElec   .          Harm     .   (no cloak)
rCorr   .          Rampage  .   (no gloves)
Will    +....                   (boots unavailable)
Stlth   +.........              (no amulet)
HPRegen 0.05/turn               h - ring of willpower
MPRegen 0.10/turn               (no ring)

@: no status effects
A: beak, talons 3
a: no special abilities


You were on level 2 of the Dungeon.
You visited 1 branch of the dungeon, and saw 2 of its levels.

You collected 69 gold pieces.


Innate Abilities, Weirdness & Mutations

You have a beak for a mouth.
You have claws for feet.


   Skills:
 - Level 2.0 Fighting
 - Level 3.0 Axes
 - Level 1.0 Throwing
 - Level 1.1 Armour
 - Level 2.1 Dodging
 + Level 0.0 Shields
 - Level 2.0 Spellcasting
 - Level 2.4 Translocations


You had 5 spell levels left.
You didn't know any spells.
Your spell library contained the following spells:

 Spells                   Type           Power      Damage    Failure   Level
 Blink                    Tloc           14%        N/A       26%         2
 Gell's Gravitas          Tloc           7%         N/A       45%         3
 Lesser Beckoning         Tloc           7%         N/A       45%         3
 Teleport Other           Tloc           7%         N/A       45%         3
 Manifold Assault         Tloc           7%         N/A       99%         5

Inventory:

Hand Weapons
 i - a +0 mace
 Y - a +1 hand axe (weapon)
Armour
 b - a +0 leather armour (worn)
 f - a +0 buckler (worn)
Jewellery
 h - a ring of willpower (left hand)
Potions
 d - a potion of curing
 k - a potion of lignification {unknown}

Dungeon Overview and Level Annotations

Branches:
Dungeon (2/15)

Altars:

Annotations:
D:2 Jessica


Message History

You climb downwards.
Found 4 stones.
There is a stone staircase leading up here.
There are monsters nearby!
Existing waypoints: (2) D:1 Assign waypoint to what number? (0-9, D - delete waypoint) Waypoint 1 assigned to D:2.
Found a chain mail.
Jessica shouts!
You hear a shout!
A kobold comes into view. It is wielding a +0 dagger.
An endoplasm, a hobgoblin and a dart slug come into view.
The hobgoblin shouts!
The dart slug bites you.
A rat comes into view.
You hit the dart slug.
You claw the dart slug, but do no damage.
The dart slug is moderately wounded.
The dart slug launches a dart at you. The slug dart hits you.
The dart slug launches a dart at you. The slug dart hits you.
You hit the dart slug. You claw the dart slug.
You kill the dart slug!
You hit Jessica.
Jessica casts a spell.
Jessica blinks!
Your Axes skill increases to level 3!
You have reached level 2!
You hit Jessica.
Jessica is severely wounded.
Jessica hits you with a +1 vampiric dagger.
Jessica draws strength from your wounds!
You barely miss Jessica. Your kick misses Jessica.
Jessica is severely wounded.
You closely miss the rat. The rat barely misses you.
Jessica hits you with a +1 vampiric dagger.
The dart slug launches a dart at you. The slug dart hits you.
You die...

.# ..
###########.
...........
.[.......w#
.....g....#
.....J%..(#
......K@..#
......r.@.#
##.#.....<#
#.#.####
#.#. # #. #.
#.


You could see a dart slug, Jessica, an endoplasm, a hobgoblin, a kobold and a
rat.

Vanquished Creatures
  A dart slug (D:2)
  2 goblins (D:1)
  A kobold (D:1)
  A bat (D:1)
5 creatures vanquished.

Notes
Turn   | Place    | Note
-------+----------+-------------------------------------------
     0 | D:1      | qw the Tengu Warper began the quest for the Orb.
     0 | D:1      | Reached XP level 1. HP: 12/12 MP: 4/4
     0 | D:1      | 0 ||| qw: Version: 0.1-a-89-g26bdef1
     0 | D:1      | 0 ||| qw: Game counter: 311
     0 | D:1      | 0 ||| qw: Always use a shield: true
     0 | D:1      | 0 ||| qw: God list: Okawaru
     0 | D:1      | 0 ||| qw: Allow faded altars: false
     0 | D:1      | 0 ||| qw: Do Orc after D:15 true
     0 | D:1      | 0 ||| qw: Do second Lair branch before Depths: true
     0 | D:1      | 0 ||| qw: Lair rune preference: random
     0 | D:1      | 0 ||| qw: Plans: Normal
     0 | D:1      | 0 ||| PLANNING D:1-11
   145 | D:1      | 145 ||| DROPPING +0 club.
   537 | D:1      | 537 ||| UPGRADING to +0 buckler.
   542 | D:1      | 542 ||| UPGRADING to ring of willpower.
   543 | D:1      | 543 ||| READING scroll labelled LUNYOKHIATA.
   544 | D:1      | 544 ||| READING scroll labelled UMAYR ZAITHRINE.
   545 | D:1      | 545 ||| DRINKING 2 fizzy coppery potions.
   546 | D:1      | 546 ||| DRINKING 2 purple potions.
   547 | D:1      | 547 ||| DROPPING scroll of blinking.
   548 | D:1      | 548 ||| DROPPING potion of magic.
   586 | D:2      | Noticed Jessica
   591 | D:2      | Reached skill level 3 in Axes
   591 | D:2      | Reached XP level 2. HP: 8/17 MP: 6/6
   591 | D:2      | HP: 4/17 [Jessica/+1 vampiric dagger (4)]
   592 | D:2      | Killed from afar by a dart slug

Levels and vault maps discovered:
D:1:      amcnicky_arrival_choice, layout_basic, minmay_misc_feat_x
D:2:      layout_basic, serial_shops, shop, uniq_jessica, uniq_natasha

Skill      XL: |  1 |
---------------+----+-----
Axes           | 3 |  3.0
Fighting       | |  2.0
Throwing       | |  1.0
Armour         | |  1.1
Dodging        | |  2.1
Spellcasting   | |  2.0
Translocations | |  2.4

Action                   || total
-------------------------++-------
Melee: Hand axe          ||    10
       Kick              ||     2
       Peck              ||     1
Throw: Boomerang         ||     7
  Use: Scroll            ||     2
       Potion            ||     2
Armor: Leather armour    ||     1
Dodge: Dodged            ||     3

Table legend:
 A = Non-vault XP
 B = Vault XP
 C = Vault XP percentage of total XP
 D = Non-vault monster count
 E = Vault monster count
 F = Vault count percentage of total count
                 A         B        C        D         E       F
            +---------+---------+-------+---------+---------+-------
      Total |      11 |       0 |   0.0 |       5 |       0 |   0.0
            +---------+---------+-------+---------+---------+-------
        D:1 |       7 |       0 |   0.0 |       4 |       0 |   0.0
        D:2 |       4 |       0 |   0.0 |       1 |       0 |   0.0
            +---------+---------+-------+---------+---------+-------
